 Dungeon Crawl Stone Soup version 0.18-a0-270-ga9d907f (webtiles) character file.

145 rb10c the Slasher (level 5, 40/45 HPs)
             Began as a Minotaur Berserker on Nov 26, 2015.
             Was a Follower of Dithmenos.
             Quit the game on level 3 of the Dungeon.
             The game lasted 00:04:27 (1910 turns).

rb10c the Slasher (Minotaur Berserker)              Turns: 1910, Time: 00:04:27

Health: 40/45      AC:  3    Str: 21    XL:     5   Next: 6%
Magic:  4/4        EV: 12    Int:  4    God:    Dithmenos [*.....]
Gold:   84         SH:  0    Dex: 11    Spells: 0 memorised, 4 levels left

rFire  . . .     SeeInvis .     a - +0 falchion
rCold  . . .     Clarity  .     b - +0 animal skin
rNeg   . . .     SustAt   .     (no shield)
rPois  .         Gourm    .     (helmet restricted)
rElec  .         Spirit   .     g - -1 cloak (curse)
rCorr  .         Warding  .     e - +0 pair of gloves
rMut   .         Stasis   .     (no boots)
MR     +....                    (no amulet)
Stlth  +.........               (no ring)
                                d - ring of protection from magic

@: wreathed by umbra, somewhat resistant to hostile enchantments, very
unstealthy
A: retaliatory headbutt, horns 2
a: Renounce Religion


You were on level 3 of the Dungeon.
You worshipped Dithmenos.
Dithmenos was aware of your devotion.
You were not hungry.

You visited 1 branch of the dungeon, and saw 3 of its levels.

You collected 84 gold pieces.

Inventory:

Hand Weapons
 a - a +0 falchion (weapon)
 l - a -1 short sword
Armour
 b - a +0 animal skin (worn)
 e - a +0 pair of gloves (worn)
 g - a cursed -1 cloak (worn)
Jewellery
 d - a ring of protection from magic (left hand)
 f - an uncursed amulet of resist mutation {unknown}
Potions
 h - a potion of brilliance {unknown}
 i - a potion of ambrosia {unknown}
Books
 k - a book of Transfigurations

   Spells                             Type                      Level
   a - Stoneskin                      Transmutation/Earth          2
   b - Irradiate                      Conjuration/Transmutation    5
   c - Statue Form                    Transmutation/Earth          6
   d - Hydra Form                     Transmutation                6
   e - Dragon Form                    Transmutation                7
Comestibles
 c - 3 bread rations
 j - 3 fruits


   Skills:
 - Level 3.6 Fighting
 - Level 2.0(4.2) Short Blades
 + Level 6.5(6.7) Long Blades
 - Level 2.4 Armour
 - Level 2.1 Dodging


You had 4 spell levels left.
You didn't know any spells.

Dungeon Overview and Level Annotations

Branches:
Dungeon (3/15)

Altars:
Dithmenos
Okawaru


Innate Abilities, Weirdness & Mutations

You reflexively headbutt those who attack you in melee.
You have a pair of horns on your head.


Message History

This altar will convert you to a god.
You cannot discern which.
Do you pray? Dithmenos accepts your prayer!
You have lost your religion!
Okawaru does not appreciate desertion!
Dithmenos welcomes you!
You are shrouded in an aura of darkness!
Unknown command.
You offer a prayer to Dithmenos.
Dithmenos is aware of your devotion.
Unknown command.
The ooze quivers.
The ooze hits you.
You hit the ooze but do no damage. The ooze barely misses you.
You furiously retaliate!
You headbutt the ooze!
You kill the ooze!
Dithmenos accepts your kill.
No target in view!
No target in view!
Unknown command.
Are you sure you want to abandon this character and quit the game? (Confirm with "yes".)

###### # ######....#
#.#.........####### #
#>......#.......... .
#.#...)#_#..#### #
#..@..#......#######
#...........<......#
#............##....#
#............##....#
....................†
#########......##...##
#......##...##
#......#######
######## #


There were no monsters in sight!

Vanquished Creatures
  Robin (D:2)
  2 gnolls (D:2)
  3 adders (D:2)
  An ooze (D:3)
  3 worms
  3 giant geckos
  An orc (D:3)
  5 giant cockroaches
  18 goblins
  10 hobgoblins
  2 jackals (D:2)
  6 kobolds
  A quokka (D:2)
  A ball python (D:3)
  4 bats
  2 giant newts (D:1)
  6 rats
69 creatures vanquished.

Notes
Turn   | Place    | Note
--------------------------------------------------------------
     0 | D:1      | rb10c the Minotaur Berserker began the quest for the Orb.
     0 | D:1      | Reached XP level 1. HP: 19/19 MP: 0/0
    91 | D:1      | Reached skill level 4 in Long Blades
   217 | D:1      | Reached XP level 2. HP: 26/26 MP: 1/1
   653 | D:2      | Reached skill level 5 in Long Blades
   702 | D:2      | Reached XP level 3. HP: 27/31 MP: 2/2
   742 | D:2      | Reached ** piety under Trog
   800 | D:2      | Noticed Robin
   816 | D:2      | Reached skill level 1 in Short Blades
   821 | D:2      | Killed Robin
   826 | D:2      | Reached XP level 4. HP: 23/39 MP: 3/3
  1449 | D:2      | Found an iron altar of Okawaru.
  1466 | D:2      | Reached skill level 6 in Long Blades
  1600 | D:2      | Fell from the grace of Trog
  1600 | D:2      | Became a worshipper of Warmaster Okawaru
  1883 | D:3      | Reached XP level 5. HP: 40/45 MP: 4/4
  1892 | D:3      | Found a faded altar to an unknown god.
  1906 | D:3      | Fell from the grace of Okawaru
  1906 | D:3      | Became a worshipper of Dithmenos the Shadowed
  1906 | D:3      | Reached * piety under Dithmenos
  1910 | D:3      | Quit the game

Vault maps used:
D:1:      minmay_arrival_diagonal_passages
D:2:      first_bread, minmay_misc_feat_five, okawaru_altar_gauntlet_db,
          uniq_robin
D:3:      ecumenical_altar_1

Action                   |  1- 3 |  4- 6 || total
-------------------------+-------+-------++-------
Melee: Falchion          |    55 |    61 ||   116
       Short sword       |    17 |       ||    17
Invok: Berserk           |     1 |     2 ||     3
  Use: Scroll            |       |     4 ||     4
 Stab: Sleeping          |       |     1 ||     1
  Eat: Chunk             |       |     6 ||     6
